 Dungeon Sprint DCSS version 0.17-a0-1718-g72dbe4d (webtiles) character file.

900000 ztt the Sorcerer (level 13, -6/126 HPs)
             Began as a Ghoul Wanderer on Aug 25, 2015.
             Was an Initiate of Makhleb.
             Mangled by a meat berserker
             ... wielding a +9 battleaxe
              (49 damage)
             ... in the Dungeon (Sprint VIII: "Arena of Blood").
             The game lasted 00:00:32 (9 turns).

ztt the Sorcerer (Ghoul Wanderer)                      Turns: 9, Time: 00:00:32

Health: -6/126     AC:  2    Str: 20    XL:     13   Next: 28%
Magic:  3/38       EV: 13    Int:  7    God:    Makhleb [......]
Gold:   0          SH:  0    Dex:  9    Spells: 0 memorised, 57 levels left

rFire  . . .     SeeInvis .     m - +∞ Axe of Woe
rCold  + . .     Clarity  .     d - +0 robe
rNeg   + + +     SustAt   .     (no shield)
rPois  ∞         Gourm    .     (no helmet)
rElec  .         Spirit   .     (no cloak)
rCorr  .         Warding  .     (no gloves)
rMut   .         NoTele   +     (no boots)
MR     .....                    (no amulet)
Stlth  +++.......               (no ring)
                                (no ring)

@: rotting, not resistant to hostile enchantments, fairly stealthy
A: rotting body, claws 1, carnivore 3, cold resistance 1, negative energy
resistance 3, slow healing 1, torment resistance, unbreathing
a: Renounce Religion


You were in the Dungeon.
You worshipped Makhleb.
Makhleb was noncommittal.
You were not hungry.

You visited 1 branch

Inventory:

Hand weapons
 e - a +0 club
 m - the +∞ Axe of Woe (weapon)
   (You found it in the Dungeon)
Armour
 d - a +0 robe (worn)
Magical devices
 c - a wand of random effects (15)
Scrolls
 b - a scroll of teleportation
 l - a scroll of blinking
Potions
 g - a potion of curing
 h - a potion of heal wounds
 i - a potion of haste
 j - 2 potions of magic
 k - a potion of berserk rage
Books
 a - a book of Minor Magic

   Spells                             Type                      Level
   a - Magic Dart                     Conjuration                  1
   b - Blink                          Translocation                2
   c - Call Imp                       Summoning                    2
   d - Repel Missiles                 Charms/Air                   2
   e - Slow                           Hexes                        2
   f - Conjure Flame                  Conjuration/Fire             3
   g - Mephitic Cloud                 Conjuration/Poison/Air       3
Comestibles
 f - a meat ration


   Skills:
 + Level 15.0 Fighting
 + Level 2.9 Axes
 + Level 5.7 Dodging
 + Level 6.0 Stealth
   Level 1.0 Shields
 + Level 1.1 Unarmed Combat
 + Level 22.9 Spellcasting
 + Level 4.6 Evocations


You had 57 spell levels left.
You didn't know any spells.

Dungeon Overview and Level Annotations

Branches:
Dungeon (1/1)

Altars:
Makhleb


Innate Abilities, Weirdness & Mutations

Your body is rotting away.
You thrive on raw meat.
You are immune to poison.
You have sharp fingernails.
You are carnivorous and can eat meat at any time.
Your flesh is cold resistant.
You are immune to negative energy.
You heal slowly when monsters are visible.
You are immune to unholy pain and torment.
You can survive without breathing.


Message History

You have reached level 8!
You have reached level 9!
Your experience leads to an increase in your attributes!
Increase (S)trength, (I)ntelligence, or (D)exterity?
You feel stronger.
You have reached level 10!
You feel stronger.
You have reached level 11!
You have reached level 12!
Your experience leads to an increase in your attributes!
Increase (S)trength, (I)ntelligence, or (D)exterity?
You feel stronger.
You have reached level 13!
You hear a shout!
The meat berserker rages.
You hear a shout!
The meat berserker rages.
You hear a shout! x6
The meat berserker hits you with a +9 battleaxe!!!
You die...

#.. ..# .###..
...###....
......###.........
....._.....O....
#.....#....... .
#_.<._#.......
...o#.....#......#
...o..._..........
......###)@..O....
.###.o....O###....
#.......# .
#.......#
..........
...........
........o..
.......o..##
........#.


You could see 3 meat berserkers and 5 bags of meat.

Vanquished Creatures
  An ogre (D)
1 creature vanquished.

Notes
Turn   | Place    | Note
--------------------------------------------------------------
     0 | D        | ztt the Ghoul Wanderer began the quest for the Orb.
     0 | D        | ztt set off with: a book of Minor Magic, a scroll of teleportation, a wand of random effects (15), a +0 robe, a +0 club, a meat ration, a potion of curing, a potion of heal wounds, a potion of haste, 2 potions of magic, a potion of berserk rage, a scroll of blinking
     0 | D        | Reached XP level 1. HP: 17/17 MP: 3/3
     4 | D        | Noticed a bag of meat
     4 | D        | Became a worshipper of Makhleb the Destroyer
     6 | D        | Noticed a meat berserker
     6 | D        | Noticed a meat berserker
     7 | D        | Noticed a bag of meat
     7 | D        | Noticed a bag of meat
     8 | D        | Noticed a meat berserker
     8 | D        | Noticed a bag of meat
     8 | D        | Noticed a bag of meat
     8 | D        | Noticed a bag of meat
     9 | D        | Noticed a meat berserker
     9 | D        | Killed a meat berserker
     9 | D        | Reached skill level 15 in Fighting
     9 | D        | Reached skill level 5 in Dodging
     9 | D        | Reached skill level 22 in Spellcasting
     9 | D        | Reached XP level 2. HP: 20/48 MP: 3/24
     9 | D        | Reached XP level 3. HP: 22/55 MP: 3/26
     9 | D        | Reached XP level 4. HP: 24/62 MP: 3/27
     9 | D        | Reached XP level 5. HP: 26/69 MP: 3/29
     9 | D        | Reached XP level 6. HP: 29/77 MP: 3/30
     9 | D        | Reached XP level 7. HP: 31/83 MP: 3/32
     9 | D        | Reached XP level 8. HP: 33/91 MP: 3/33
     9 | D        | Reached XP level 9. HP: 35/97 MP: 3/34
     9 | D        | Reached XP level 10. HP: 37/105 MP: 3/35
     9 | D        | Reached XP level 11. HP: 39/112 MP: 3/36
     9 | D        | Reached XP level 12. HP: 41/119 MP: 3/37
     9 | D        | Reached XP level 13. HP: 43/126 MP: 3/38
     9 | D        | Mangled by a meat berserker

Vault maps used:
D:        meatsprint

Action                   |  1- 3 |  4- 6 |  7- 9 | 10-12 | 13-15 || total
-------------------------+-------+-------+-------+-------+-------++-------
Melee: Executioner's axe |     1 |       |       |       |       ||     1
